 Dungeon Crawl Stone Soup version 0.20-a0-270-g8e735b6 (webtiles) character file.

679 AlphabetPasta the Ducker (level 7, -2/36 HPs)
             Began as a Spriggan Abyssal Knight on Dec 9, 2016.
             Was a Believer of Lugonu.
             Killed from afar by an orc wizard (9 damage)
             ... with a puff of flame
             ... on level 5 of the Dungeon.
             The game lasted 00:18:45 (5219 turns).

AlphabetPasta the Ducker (Spriggan Abyssal Knight)  Turns: 5219, Time: 00:18:46

Health: -2/36      AC:  3    Str:  8    XL:     7   Next: 34%
Magic:  10/10      EV: 21    Int: 14    God:    Lugonu [**....]
Gold:   263        SH:  0    Dex: 17    Spells: 6/6 levels left

rFire  . . .     SeeInvis +     a - +2 dagger (freeze)
rCold  . . .     Gourm    .     b - +1 robe
rNeg   . . .     Faith    .     (shield restricted)
rPois  .         Spirit   .     (helmet restricted)
rElec  .         Reflect  .     (no cloak)
rCorr  .         Harm     .     (gloves unavailable)
MR     +....                    (boots unavailable)
Stlth  +++.......               (no amulet)
                                (no ring)
                                (no ring)

@: very quick
A: unfitting armour, see invisible, herbivore 3, speed 3, slow metabolism 2
a: Depart the Abyss, Bend Space, Renounce Religion


You were on level 5 of the Dungeon.
You worshipped Lugonu.
Lugonu was pleased with you.
You were not hungry.

You visited 1 branch of the dungeon, and saw 5 of its levels.
You visited the Abyss 1 time.
You also visited: Sewer.

You collected 263 gold pieces.

Inventory:

Hand Weapons
 a - a +2 dagger of freezing (weapon)
 c - a +1 falchion of electrocution
 e - a +0 hunting sling
 o - a +1 short sword
 p - a +0 blowgun
Missiles
 d - 51 sling bullets
 q - 6 poisoned needles
Armour
 b - a +1 robe (worn)
 s - a +0 troll leather armour {Purgy}
Jewellery
 x - an uncursed ring of protection from magic {unknown}
Wands
 f - a wand of paralysis (0/24)
 g - a wand of iceblast (10/15)
 j - a wand of iceblast (7/15)
 k - a wand of disintegration (11/24)
 n - a wand of random effects (8/48)
Scrolls
 m - a scroll of enchant armour
 r - 3 scrolls of recharging
 t - a scroll of blinking {unknown}
 w - 2 scrolls of teleportation
Potions
 h - a potion of curing
 i - a potion of agility
 l - a potion of flight
 u - a potion of haste
Comestibles
 v - 2 bread rations


   Skills:
 + Level 3.3 Fighting
 * Level 4.6 Short Blades
 + Level 2.7 Slings
 + Level 5.3 Dodging
 * Level 5.2 Stealth
 + Level 3.5 Invocations
 + Level 2.3 Evocations


You had 6 spell levels left.
You didn't know any spells.

Dungeon Overview and Level Annotations

Branches:
Dungeon (5/15)             Temple (0/1) D:4

Altars:
Gozag
Makhleb
Vehumet


Innate Abilities, Weirdness & Mutations

You are very small and have problems with some larger weapons.
You are too small for most types of armour.
You have supernaturally acute eyesight. (SInv)
You are a herbivore.
You cover ground extremely quickly.
You need consume almost no food.


Message History

The orc wizard flickers and vanishes for a moment.
You feel better. The orc priest misses you.
You hit the orc priest. You freeze the orc priest.
The orc priest is lightly wounded.
The orc priest barely misses you.
You hit the orc priest. You freeze the orc priest.
The orc priest is heavily wounded.
You hit the orc priest but do no damage.
The orc priest is heavily wounded.
The orc priest closely misses you.
You hit the orc priest but do no damage.
The orc priest is heavily wounded.
The orc wizard misses you.
The orc priest invokes the aid of Beogh against you.
Pain shoots through your body!
* * * LOW HITPOINT WARNING * * *
You feel better.
The orc wizard gestures at you while chanting.
The puff of flame hits you!
You die...

.# .# .# <# ###
.# ...# ###.#
#.###.oo######
###.....@......?
..............%
##..###...#.###
###..###...# #
###..........#
#...#..###..##
###.#.......#
#.##.####....
.#.#.........


You could see an orc priest and an orc wizard (invisible).

Vanquished Creatures
  Purgy (Sewer)
  A necrophage (D:5)
  An ogre (D:4)
  2 howler monkeys
  2 hounds (D:4)
  An orc priest (D:5)
  2 bullfrog skeletons
  An orc wizard (D:3)
  A centaur skeleton (D:4)
  A hound skeleton (D:4)
  4 adders
  A howler monkey skeleton (D:4)
  3 worms
  3 leopard geckos
  6 orcs
  4 giant cockroaches
  2 goblins
  10 hobgoblins
  4 kobolds
  A quokka (D:2)
  A ball python (D:1)
  5 bats
  7 frilled lizards
  A jackal skeleton (D:4)
  16 rats
81 creatures vanquished.

Notes
Turn   | Place    | Note
-------+----------+-------------------------------------------
     0 | Abyss:1  | AlphabetPasta the Spriggan Abyssal Knight began the quest for the Orb.
     0 | Abyss:1  | Reached XP level 1. HP: 11/11 MP: 3/3
    29 | Abyss:1  | Noticed a large abomination
    30 | D:1      | Escaped the Abyss
   299 | D:1      | Reached * piety under Lugonu
   413 | D:1      | Reached XP level 2. HP: 15/16 MP: 4/4
  1242 | D:2      | Reached skill level 1 in Stealth
  1242 | D:2      | Reached XP level 3. HP: 9/19 MP: 5/5
  2154 | D:3      | Reached skill level 1 in Slings
  2430 | D:3      | Reached ** piety under Lugonu
  2449 | D:3      | Found an opulent altar of Gozag.
  2627 | D:3      | Reached XP level 4. HP: 22/23 MP: 6/6
  3366 | D:4      | Found a staircase to the Ecumenical Temple.
  3380 | D:4      | Reached XP level 5. HP: 15/28 MP: 7/7
  3481 | D:4      | Found a glowing drain.
  3608 | Sewer    | Entered a sewer
  3632 | Sewer    | Noticed Purgy
  3638 | Sewer    | Killed Purgy
  3638 | Sewer    | Reached skill level 1 in Evocations
  3731 | Sewer    | Reached XP level 6. HP: 27/32 MP: 9/9
  4011 | D:4      | Found a radiant altar of Vehumet.
  4053 | D:4      | Reached skill level 5 in Dodging
  4417 | D:4      | Found a burning altar of Makhleb.
  5085 | D:5      | Entered Level 5 of the Dungeon
  5110 | D:5      | Reached XP level 7. HP: 36/36 MP: 10/10
  5130 | D:5      | Reached skill level 5 in Stealth
  5219 | D:5      | Killed from afar by an orc wizard

Vault maps used:
D:1:      matt_arrival_refuge, minivault_24
D:3:      grunt_gozag_breadcrumbs
D:4:      bloody_makhleb, fiery_altar_vehumet, gup_sewer_entry_bowl
D:5:      nicolae_overflow_crystal_walls, first_bread, lightli_corner_chamber,
          uniq_menkaure
Sewer:    kennysheep_door_sewer

Skill      XL: |  1  2  3  4  5  6  7 |
---------------+----------------------+-----
Dodging        | 4 5 |  5.3
Invocations    | 2 3 |  3.5
Stealth        | 1 2 3 4 5 |  5.2
Slings         | 1 2 |  2.7
Short Blades   | 3 4 |  4.6
Fighting       | 3 |  3.3
Evocations     | 1 2 |  2.3

Action                   |  1- 3 |  4- 6 |  7- 9 || total
-------------------------+-------+-------+-------++-------
Melee: Short sword       |   131 |       |       ||   131
       Dagger            |    13 |   105 |     9 ||   127
       Falchion          |       |     6 |     6 ||    12
 Fire: Hunting sling     |     2 |       |       ||     2
Invok: Depart the Abyss  |     1 |       |       ||     1
Evoke: Wand              |       |     4 |       ||     4
  Use: Scroll            |    10 |     4 |     1 ||    15
       Potion            |       |     1 |     2 ||     3
 Stab: Sleeping          |     8 |    12 |     1 ||    21
       Paralysed         |       |     3 |       ||     3
  Eat: Royal jelly       |       |     1 |       ||     1
Armor: Robe              |     2 |     7 |     1 ||    10
Dodge: Dodged            |    90 |    61 |    12 ||   163
       Rpst.: Falchion   |       |     2 |     2 ||     4
